AoeStats
← [PSCH] R!ce

African Clearing

506901159Analyzed
2v2 RM · 17d ago on Sep 15, 2026· 45m 46s· 4 players
Game mode
Random Map
Map size
Medium (4 player)
Population
200
Speed
Normal
Resources
Standard
Victory
Conquest
Starting age
Dark Age
Ending age
Imperial Age
RankedLock teamsTeams togetherTeam positionsShared explorationLock speedFull tech treeHidden civsTurbo modeCheats
Victory
Defeat
🇺🇸 Armenians · United States
1496
+15
🇩🇪 Wu · Germany
1480
+15
🇨🇭 Gurjaras · Switzerland
1491
-16
🇨🇭 Mongols · Switzerland
1442
-14
[PSCH] Reh
13:15 Feudal Age
14:42 Loom
17:16 Castle Age
15:49 Double-Bit Axe
19:28 Loom
20:09 Scale Barding Armor
19:57 Horse Collar
27:21 Bloodlines
28:59 Forging
31:53 Heavy Plow
33:19 Gold Mining
36:23 Bow Saw
40:38 Stone Mining
43:24 Wheelbarrow
45:28 Chain Barding Armor
[PSCH] R!ce
7:37 Loom
13:12 Feudal Age
17:17 Castle Age
16:06 Double-Bit Axe
18:12 Fletching
20:38 Bodkin Arrow
25:50 Ballistics
27:02 Padded Archer Armor
36:02 Thumb Ring
39:26 Leather Archer Armor
39:22 Bloodlines
44:44 Imperial Age
45:17 Imperial Age
ThreeMinuteHero
12:58 Feudal Age
11:16 Loom
13:02 Feudal Age
14:08 Double-Bit Axe
17:01 Castle Age
16:26 Scale Mail Armor
17:44 Squires
18:26 Bow Saw
24:38 Chain Mail Armor
24:15 Horse Collar
30:04 Fishing Lines
34:07 Wheelbarrow
37:54 Hand Cart
37:47 Gold Mining
40:31 Imperial Age
37:54 Town Watch
39:45 Arson
41:55 Plate Mail Armor
41:37 Forging
43:44 Conscription
46:06 Iron Casting
45:23 Fletching
BungaloBones
5:56 Loom
12:22 Feudal Age
16:14 Castle Age
22:03 Fletching
28:35 Double-Bit Axe
29:55 Bodkin Arrow
34:02 Wheelbarrow
33:34 Town Watch
33:45 Horse Collar
38:54 Bow Saw
38:58 Padded Archer Armor
41:10 Hand Cart
41:31 Ballistics
43:53 Heavy Plow
48:02 Imperial Age
Connection lost

Rejoining the realm…

Still unreachable

The connection could not be restored.

Session expired

The server has moved on; the page needs a fresh start.